[Event "GER-chT Youth Countries 2018"]
[Site "Wurzburg"]
[Date "2018.10.05"]
[Round "4"]
[White "Kololli, Martin"]
[Black "Browning, Alex"]
[Result "1-0"]
[ECO "B22"]
[WhiteElo "2331"]
[BlackElo "2150"]
[Annotator "NA"]
[PlyCount "112"]
[EventDate "2018.10.03"]
[EventType "team-tourn"]
[EventCountry "GER"]
[SourceTitle "playchess.com"]
[Source "ChessBase"]
[SourceQuality "1"]
[TimeControl "40/5400+30:1800+30"]

1. e4 c5 2. c3 Nf6 3. e5 Nd5 4. d4 cxd4 5. Nf3 Nc6 6. Bc4 Nb6 7. Bb3 d5 8. exd6 Qxd6 9. O-O Be6 10. Na3 a6 11. Bxe6 Qxe6 12. Nxd4 Nxd4 13. Qxd4 {[%emt 0:00:47] LiveBook: 26 Games} Rd8 $11 14. Qh4 Nd5 15. Rd1 Qc6 16. c4 Nf6 17. Rxd8+ Kxd8 18. Bg5 Kc8 19. Qh3+ e6 20. Nc2 Qe4 21. Qc3 Bc5 22. Be3 Bxe3 23. Nxe3 Rd8 24. Re1 Qf4 25. f3 h5 26. Rd1 Rxd1+ 27. Nxd1 h4 28. b3 Nd7 29. Qe3 Qd6 30. Nf2 f5 31. h3 Kc7 32. Kf1 b6 33. Ke2 a5 34. Nd3 Qg3 35. Nf4 e5 36. Nd5+ Kd6 37. Kf1 Nc5 38. Nxb6 Ne6 39. Qd2+ Nd4 40. Qxa5 Qf4 41. Qa3+ Ke6 42. Nd5 Qg5 43. f4 exf4 44. Qc1 Qg3 45. Qd2 Ke5 46. Nb4 Ke4 47. Nc2 Nxc2 48. Qxc2+ Ke5 49. c5 Qe3 50. Qe2 g5 51. Qxe3+ fxe3 52. Ke2 Kd5 53. Kxe3 Kxc5 54. a4 Kd6 55. a5 Kd5 56. b4 Kc6 1-0

[Event "GER-chT Youth Countries 2018"]
[Site "Wurzburg"]
[Date "2018.10.05"]
[Round "4"]
[White "Richter, Leonard"]
[Black "Sawlin, Leonid"]
[Result "0-1"]
[ECO "C17"]
[WhiteElo "2322"]
[BlackElo "2360"]
[Annotator "NA"]
[PlyCount "136"]
[EventDate "2018.10.03"]
[EventType "team-tourn"]
[EventCountry "GER"]
[SourceTitle "playchess.com"]
[Source "ChessBase"]
[SourceQuality "1"]
[TimeControl "40/5400+30:1800+30"]

1. e4 e6 2. d4 d5 3. Nc3 Bb4 4. e5 c5 5. dxc5 Qc7 6. Nf3 Nc6 $11 7. Bb5 Nge7 8. O-O Bd7 9. Be3 Nf5 10. Qd3 O-O 11. Bxc6 Bxc6 12. a3 Nxe3 13. Qxe3 Bxc3 14. Qxc3 Bb5 15. Rfe1 Rfc8 16. b4 b6 17. Nd4 Ba4 18. c6 Bxc6 19. Re3 Ba4 20. Qxc7 Rxc7 21. c3 Rac8 22. Rc1 Rc4 23. Ne2 Kf8 24. Kf1 a5 25. Ke1 Rg4 26. g3 d4 27. cxd4 Rxc1+ 28. Nxc1 Rxd4 29. Nb3 Rd5 30. Nd2 axb4 31. axb4 Rb5 32. Re4 Bc2 33. Re3 Rxb4 34. Rc3 Ba4 35. Rc7 Bb5 36. f3 Bd3 37. Kf2 Rd4 38. Rb7 Bg6 39. Ke3 Rd3+ 40. Ke2 Rd5 41. f4 b5 42. Nf3 Ke8 43. Ke3 Rd3+ 44. Kf2 Be4 45. Rb8+ Ke7 46. Ng5 Bd5 47. Rxb5 h6 48. Nh3 Rd2+ 49. Ke3 Rxh2 50. Nf2 Rg2 51. Ne4 g6 52. Nf6 Rxg3+ 53. Kd4 Rf3 54. Nxd5+ exd5 55. Kxd5 Rxf4 56. Rb7+ Kf8 57. Rb8+ Kg7 58. Rb7 Rf5 59. Ke4 Rf1 60. Kd5 Re1 61. Rb2 g5 62. Rg2 Rf1 63. Rg3 Kg6 64. Ke4 h5 65. Ra3 h4 66. Ra8 Kg7 67. Ra7 h3 68. e6 h2 0-1

[Event "GER-chT Youth Countries 2018"]
[Site "Wurzburg"]
[Date "2018.10.05"]
[Round "4"]
[White "Niermann, Tristan"]
[Black "Parvanyan, Ashot"]
[Result "0-1"]
[ECO "E64"]
[WhiteElo "2307"]
[BlackElo "2428"]
[Annotator "NA"]
[PlyCount "68"]
[EventDate "2018.10.03"]
[EventType "team-tourn"]
[EventCountry "GER"]
[SourceTitle "playchess.com"]
[Source "ChessBase"]
[SourceQuality "1"]
[TimeControl "40/5400+30:1800+30"]

1. d4 Nf6 2. c4 g6 3. g3 Bg7 4. Bg2 O-O 5. Nc3 d6 6. Nf3 c5 7. d5 e5 8. e4 Nbd7 9. O-O {[%emt 0:00:39] LiveBook: 28 Games} a6 10. a4 Ne8 11. Ne1 $14 f5 12. Nd3 Nef6 13. Qe2 f4 14. gxf4 Nh5 15. f5 Qh4 16. Be3 gxf5 17. f4 fxe4 18. Nxe4 Nxf4 19. Bxf4 exf4 20. Nxd6 Bd4+ 21. Kh1 Be3 22. Rg1 Kh8 23. Raf1 Qh6 24. Nxc8 Raxc8 25. Nf2 Ne5 26. Be4 f3 27. Qc2 Rf4 28. Qc3 Bd4 29. Qc1 Qh4 30. Bb1 Bxf2 31. Rxf2 Ng4 32. Qc3+ Rd4 33. Rxg4 Qxf2 34. Bf5 Rg8 0-1

[Event "GER-chT Youth Countries 2018"]
[Site "Wurzburg"]
[Date "2018.10.05"]
[Round "4"]
[White "Krastev, Alexander"]
[Black "Knuedel, Torben"]
[Result "0-1"]
[ECO "C54"]
[WhiteElo "2298"]
[BlackElo "2135"]
[Annotator "NA"]
[PlyCount "82"]
[EventDate "2018.10.03"]
[EventType "team-tourn"]
[EventCountry "GER"]
[SourceTitle "playchess.com"]
[Source "ChessBase"]
[SourceQuality "1"]
[TimeControl "40/5400+30:1800+30"]

1. e4 e5 2. Nf3 Nc6 3. Bc4 Bc5 4. c3 Nf6 5. d3 a6 6. Bb3 Ba7 7. Nbd2 O-O 8. O-O d6 9. h3 h6 10. Re1 Nh5 11. Nf1 Qf6 $11 {[%emt 0:00:40] LiveBook: 283 Games} 12. Be3 Bxe3 13. Rxe3 Nf4 14. N3h2 Ne7 15. d4 Neg6 16. Ng4 Qh4 17. Ng3 Nxg2 18. Nf5 Bxf5 19. Kxg2 Nf4+ 20. Kf1 Bxg4 21. Qxg4 Qxg4 22. hxg4 Rae8 23. f3 g6 24. Kf2 Kg7 25. Kg3 f6 26. Ba4 Rd8 27. b4 Rh8 28. Rh1 h5 29. Ree1 hxg4 30. Kxg4 Rxh1 31. Rxh1 Ne2 32. dxe5 dxe5 33. c4 Nf4 34. Rd1 Rxd1 35. Bxd1 Nd3 36. Ba4 Nxb4 37. Bd7 Nxa2 38. Bc8 b5 39. Bxa6 b4 40. c5 b3 41. Bc4 Nc1 0-1

[Event "GER-chT Youth Countries 2018"]
[Site "Wurzburg"]
[Date "2018.10.05"]
[Round "4"]
[White "Polster, Christian"]
[Black "Neukirchner, Pascal"]
[Result "1/2-1/2"]
[ECO "B35"]
[WhiteElo "2294"]
[BlackElo "2294"]
[Annotator "NA"]
[PlyCount "63"]
[EventDate "2018.10.03"]
[EventType "team-tourn"]
[EventCountry "GER"]
[SourceTitle "playchess.com"]
[Source "ChessBase"]
[SourceQuality "1"]
[TimeControl "40/5400+30:1800+30"]

1. e4 c5 2. Nf3 g6 3. d4 cxd4 4. Nxd4 Bg7 5. Nc3 Nc6 6. Be3 Nf6 7. Bc4 O-O 8. Bb3 Re8 9. f3 e6 10. f4 {[%emt 0:00:53] LiveBook: 16 Games} Ng4 11. Qxg4 Nxd4 12. O-O-O Nxb3+ 13. axb3 Bxc3 14. bxc3 $11 a5 15. h4 Qe7 16. Qg5 d5 17. Qxe7 Rxe7 18. e5 a4 19. Kb2 Rc7 20. Bd4 Bd7 21. g4 Bb5 22. Rh2 axb3 23. cxb3 Rc6 24. Ra1 Rca6 25. Rxa6 Rxa6 26. h5 Bd3 27. h6 Kf8 28. Rd2 Be4 29. Bf2 Ke7 30. c4 Kd7 31. Bh4 Kc6 32. Be7 1/2-1/2

[Event "GER-chT Youth Countries 2018"]
[Site "Wurzburg"]
[Date "2018.10.05"]
[Round "4"]
[White "Riehle, Marco"]
[Black "Schneider, Jana"]
[Result "1-0"]
[ECO "C44"]
[WhiteElo "2265"]
[BlackElo "2174"]
[Annotator "NA"]
[PlyCount "111"]
[EventDate "2018.10.03"]
[EventType "team-tourn"]
[EventCountry "GER"]
[SourceTitle "playchess.com"]
[Source "ChessBase"]
[SourceQuality "1"]
[TimeControl "40/5400+30:1800+30"]

1. e4 e5 2. Nf3 Nc6 3. d4 exd4 4. Bc4 Bc5 5. O-O d6 6. c3 Bg4 7. Qb3 {[%emt 0:01:21] LiveBook: 24 Games} Qd7 8. Bxf7+ $11 (8. Qxb7 $2 Rb8 $17) 8... Kf8 9. Bxg8 Rxg8 10. cxd4 Nxd4 11. Nxd4 Bxd4 12. Qxb7 Re8 13. Be3 Bb6 14. Bxb6 axb6 15. Nc3 Be6 16. Rac1 Re7 17. Rfe1 g5 18. Re3 Rgg7 19. Nd5 Bxd5 20. Qxd5 h6 21. Rcc3 Rgf7 22. Rf3 Kg7 23. h3 Qa4 24. Rxf7+ Rxf7 25. a3 Re7 26. h4 gxh4 27. Rc4 Qa5 28. Qxa5 bxa5 29. Kh2 Kg6 30. Kh3 Kg5 31. f3 c5 32. Ra4 Rb7 33. Rxa5 Rxb2 34. e5 Rb1 35. Kh2 d5 36. Rxc5 d4 37. Rd5 Rd1 38. e6+ Kf6 39. Re5 Ke7 40. f4 d3 41. f5 d2 42. Rd5 Kf6 43. a4 Ke7 44. a5 Rf1 45. Rxd2 Rxf5 46. Ra2 Kxe6 47. a6 Rf8 48. a7 Ra8 49. Kh3 Kf5 50. Kxh4 Kg6 51. g4 Kg7 52. Kh5 Kf6 53. Ra5 Kg7 54. Ra6 Kg8 55. Kxh6 Kf7 56. Kg5 1-0

[Event "GER-chT Youth Countries 2018"]
[Site "Wurzburg"]
[Date "2018.10.05"]
[Round "4"]
[White "Roseneck, Jonas"]
[Black "Yankelevich, Michael"]
[Result "1-0"]
[ECO "B42"]
[WhiteElo "2262"]
[BlackElo "1961"]
[Annotator "NA"]
[PlyCount "157"]
[EventDate "2018.10.03"]
[EventType "team-tourn"]
[EventCountry "GER"]
[SourceTitle "playchess.com"]
[Source "ChessBase"]
[SourceQuality "1"]
[TimeControl "40/5400+30:1800+30"]

1. e4 c5 2. Nf3 e6 3. d4 cxd4 4. Nxd4 a6 5. Bd3 Bc5 6. Nb3 Ba7 7. Nc3 Nc6 {[%emt 0:00:58] LiveBook: 231 Partien} 8. Qe2 Qc7 9. Be3 Bxe3 10. Qxe3 b5 $14 11. f4 d6 12. Qg3 g6 13. O-O Bb7 14. Kh1 O-O-O 15. a4 b4 16. Na2 Kb8 17. Qe1 a5 18. c3 Qb6 19. cxb4 Nxb4 20. Nxb4 Qxb4 21. Nxa5 Qxe1 22. Rfxe1 Ne7 23. Ra3 Ka7 24. b4 d5 25. e5 Rc8 26. b5 Rc5 27. Kg1 Rhc8 28. Rb1 Rc1+ 29. Rxc1 Rxc1+ 30. Kf2 Ba8 31. Ke3 Nf5+ 32. Bxf5 gxf5 33. Kd3 Kb6 34. Nb3 Rc4 35. g3 Bb7 36. Nd2 Rc8 37. Nf3 h6 38. Nd2 Ka5 39. Ra2 Kb6 40. Nb3 Rc4 41. Nd2 Rc8 42. Rc2 Ra8 43. Ra2 Rc8 44. Nb1 Ka5 45. Nc3 Rc4 46. Rb2 Kb6 47. Rb3 Rc8 48. Rb4 Ka5 49. Rd4 Kb6 50. Kc2 Kc5 51. Ne2 Kb6+ 52. Kb3 Ka5 53. Nc3 Rc7 54. Rb4 Kb6 55. Rd4 Ka5 56. Ne2 Rc8 57. Rb4 Kb6 58. Nc3 Rc7 59. h3 h5 60. Rd4 Rc8 61. Kb4 Rg8 62. a5+ Kc7 63. Rd3 h4 64. gxh4 Rh8 65. a6 Ba8 66. Kc5 Rxh4 67. b6+ Kb8 68. Rg3 Rh8 69. Nb5 Rc8+ 70. Nc7 Rh8 71. Nxa8 Kxa8 72. Kc6 Rc8+ 73. Kd7 Rb8 74. Kc7 Rh8 75. Rb3 Rb8 76. h4 d4 77. h5 d3 78. Rxd3 f6 79. Rd8 1-0

[Event "GER-chT Youth Countries 2018"]
[Site "Wurzburg"]
[Date "2018.10.05"]
[Round "4"]
[White "Karsay, Pascal"]
[Black "Pallas, Sebastian"]
[Result "0-1"]
[ECO "A12"]
[WhiteElo "2261"]
[BlackElo "2278"]
[Annotator "NA"]
[PlyCount "68"]
[EventDate "2018.10.03"]
[EventType "team-tourn"]
[EventCountry "GER"]
[SourceTitle "playchess.com"]
[Source "ChessBase"]
[SourceQuality "1"]
[TimeControl "40/5400+30:1800+30"]

1. Nf3 Nf6 2. b3 g6 3. Bb2 d5 4. c4 c6 5. g3 Bg7 6. Bg2 O-O {[%emt 0:00:27] LiveBook: 1404 Games} 7. O-O Nbd7 $11 8. d4 Ne4 9. Nbd2 Ndf6 10. Ne5 Qa5 11. Nxe4 Nxe4 12. Qc2 Nf6 13. f3 c5 14. Rfd1 cxd4 15. Bxd4 Be6 16. c5 Rac8 17. b4 Qc7 18. Qb2 Nd7 19. Nxd7 Bxd4+ 20. Qxd4 Qxd7 21. e4 Rfd8 22. e5 Qa4 23. f4 a5 24. a3 Bg4 25. Rd2 e6 26. Rb1 Qxa3 27. Rd3 Qa4 28. Rdb3 Bf5 29. R1b2 Qa1+ 30. Kf2 a4 31. Re3 a3 32. Rd2 Qxd4 33. Rxd4 a2 34. Rd1 Bb1 0-1

[Event "GER-chT Youth Countries 2018"]
[Site "Wurzburg"]
[Date "2018.10.05"]
[Round "4"]
[White "Sieber, Fiona"]
[Black "Muckle, Julius"]
[Result "0-1"]
[ECO "C11"]
[WhiteElo "2246"]
[BlackElo "2348"]
[Annotator "NA"]
[PlyCount "120"]
[EventDate "2018.10.03"]
[EventType "team-tourn"]
[EventCountry "GER"]
[SourceTitle "playchess.com"]
[Source "ChessBase"]
[SourceQuality "1"]
[TimeControl "40/5400+30:1800+30"]

1. e4 e6 2. d4 d5 3. Nc3 Nf6 4. e5 Nfd7 5. f4 c5 6. Nf3 Nc6 7. Be3 Be7 8. Qd2 O-O 9. dxc5 Qa5 10. h4 Bxc5 11. Bxc5 Nxc5 $11 12. O-O-O {[%emt 0:00:11] LiveBook: 50 Games} b5 13. Bxb5 Ne4 14. Nxe4 Qxb5 15. Nc3 Qb4 16. Nd4 Rb8 17. Ncb5 Rxb5 18. Qxb4 Rxb4 19. Nxc6 Rxf4 20. Rh3 Bd7 21. Nd4 f6 22. Re3 Rxh4 23. exf6 Rxf6 24. Ra3 Be8 25. Rxa7 Bh5 26. Rd3 e5 27. Ra8+ Kf7 28. Ra7+ Kg8 29. Ra8+ Kf7 30. Ra7+ Kg6 31. Rg3+ Rg4 32. Rxg4+ Bxg4 33. Nf3 Bxf3 34. gxf3 h5 35. Kd2 Rxf3 36. b4 h4 37. Ke2 Rc3 38. b5 h3 39. Kf2 Rxc2+ 40. Kg1 Rb2 41. a4 d4 42. Rd7 Ra2 43. b6 Rxa4 44. Rd5 Kf5 45. Rb5 Ra8 46. b7 Rb8 47. Kh2 Ke4 48. Kxh3 d3 49. Kg2 d2 50. Rb1 Rxb7 51. Rxb7 d1=Q 52. Rxg7 Qf3+ 53. Kh2 Ke3 54. Kg1 e4 55. Ra7 Qd1+ 56. Kg2 Ke2 57. Ra2+ Qd2 58. Ra8 Qg5+ 59. Kh1 Kf3 60. Rf8+ Kg3 0-1

[Event "GER-chT Youth Countries 2018"]
[Site "Wurzburg"]
[Date "2018.10.05"]
[Round "4"]
[White "Kuznecovs, Nikita"]
[Black "Herbrig, Alexander"]
[Result "1-0"]
[ECO "A05"]
[WhiteElo "2226"]
[BlackElo "2277"]
[Annotator "NA"]
[PlyCount "83"]
[EventDate "2018.10.03"]
[EventType "team-tourn"]
[EventCountry "GER"]
[SourceTitle "playchess.com"]
[Source "ChessBase"]
[SourceQuality "1"]
[TimeControl "40/5400+30:1800+30"]

1. Nf3 Nf6 2. e3 d5 3. c4 g6 4. cxd5 Nxd5 5. d4 Bg7 6. Be2 O-O 7. e4 Nb6 $11 {[%emt 0:00:25] LiveBook: 51 Games} 8. h3 Nc6 9. Be3 f5 10. e5 Be6 11. Nc3 f4 12. Bc1 Bd5 13. Nxd5 Qxd5 14. Qb3 Rad8 15. Bd2 e6 16. Bc3 a6 17. O-O Qxb3 18. axb3 Nd5 19. Ng5 f3 20. Bxf3 Nf4 21. Bxc6 bxc6 22. Rxa6 h6 23. Nf3 c5 24. dxc5 Rd5 25. Rc6 Rf7 26. Ra1 Nd3 27. b4 Nxe5 28. Nxe5 Bxe5 29. Rxe6 Bd4 30. Bxd4 Rxd4 31. Rxg6+ Kh7 32. Raa6 Rd1+ 33. Kh2 Rxf2 34. Rxh6+ Kg7 35. Rag6+ Kf7 36. Rc6 Kg7 37. Rhg6+ Kf7 38. Rg3 Rxb2 39. Rxc7+ Ke6 40. Rg4 Rdb1 41. Rc6+ Kf5 42. Rc8 1-0

[Event "GER-chT Youth Countries 2018"]
[Site "Wurzburg"]
[Date "2018.10.05"]
[Round "4"]
[White "Oberhofer, Cedric"]
[Black "Joeres, Stefan"]
[Result "1/2-1/2"]
[ECO "B34"]
[WhiteElo "2213"]
[BlackElo "2043"]
[Annotator "NA"]
[PlyCount "97"]
[EventDate "2018.10.03"]
[EventType "team-tourn"]
[EventCountry "GER"]
[SourceTitle "playchess.com"]
[Source "ChessBase"]
[SourceQuality "1"]
[TimeControl "40/5400+30:1800+30"]

1. e4 c5 2. Nf3 Nc6 3. d4 cxd4 4. Nxd4 g6 5. Nc3 Bg7 6. Be3 Nf6 7. Nxc6 bxc6 8. e5 Ng8 9. f4 f6 10. e6 d5 {[%emt 0:00:42] LiveBook: 3 Games} 11. f5 Qd6 12. g4 $11 Qe5 13. Qf3 h5 14. Ne2 hxg4 15. Qxg4 Qxf5 16. Qxf5 gxf5 17. Rg1 Kf8 18. Nf4 Rxh2 19. Ng6+ Ke8 20. Nxe7 Nxe7 21. Rxg7 Bxe6 22. Bc5 Bf7 23. O-O-O Ng6 24. Bd3 Ne5 25. Bxf5 Rb8 26. a4 Rb7 27. Rf1 Rh6 28. b3 a5 29. Bd6 Re7 30. Rg3 Ra7 31. Re3 Bg6 32. Bxe5 fxe5 33. Rxe5+ Re7 34. Rfe1 Rxe5 35. Rxe5+ Kf7 36. Bxg6+ Rxg6 37. Kd2 Re6 38. Rh5 Ke7 39. Rh7+ Kd6 40. Ra7 Rh6 41. Rxa5 Rh1 42. Ra8 c5 43. Rg8 d4 44. Rg3 Kd5 45. Rg5+ Kc6 46. Rg3 Kd5 47. Kd3 Rd1+ 48. Ke2 Rc1 49. Kd2 1/2-1/2

[Event "GER-chT Youth Countries 2018"]
[Site "Wurzburg"]
[Date "2018.10.05"]
[Round "4"]
[White "Silber, Kevin"]
[Black "Weller, Uli"]
[Result "1/2-1/2"]
[ECO "B36"]
[WhiteElo "2205"]
[BlackElo "2123"]
[Annotator "NA"]
[PlyCount "35"]
[EventDate "2018.10.03"]
[EventType "team-tourn"]
[EventCountry "GER"]
[SourceTitle "playchess.com"]
[Source "ChessBase"]
[SourceQuality "1"]
[TimeControl "40/5400+30:1800+30"]

1. c4 c5 2. e4 Nc6 3. Ne2 g6 4. d4 cxd4 5. Nxd4 Nf6 6. Nc3 Nxd4 7. Qxd4 d6 8. Be2 Bg7 9. Be3 O-O 10. Qd2 Be6 11. O-O Qa5 12. Rac1 Rfc8 13. b3 {[%emt 0:00:18] LiveBook: 83 Games} a6 14. f4 $14 Rab8 15. Ba7 Ra8 16. Be3 Rab8 17. Ba7 Ra8 18. Be3 1/2-1/2

[Event "GER-chT Youth Countries 2018"]
[Site "Wurzburg"]
[Date "2018.10.05"]
[Round "4"]
[White "Wong, Gengchun"]
[Black "Noeldner, Julian"]
[Result "1-0"]
[ECO "A14"]
[WhiteElo "2194"]
[BlackElo "2024"]
[Annotator "NA"]
[PlyCount "117"]
[EventDate "2018.10.03"]
[EventType "team-tourn"]
[EventCountry "GER"]
[SourceTitle "playchess.com"]
[Source "ChessBase"]
[SourceQuality "1"]
[TimeControl "40/5400+30:1800+30"]

1. Nf3 d5 2. c4 e6 3. g3 Nf6 4. Bg2 Be7 5. O-O O-O 6. d4 dxc4 7. Qc2 a6 8. Qxc4 b5 9. Qc2 Bb7 10. Bd2 Be4 11. Qc1 c6 12. Be3 Nbd7 $11 {[%emt 0:06:49] LiveBook: 22 Games} 13. Rd1 Rc8 14. Nc3 Bg6 15. Nh4 Bh5 16. Qd2 Nd5 17. Nf3 Qb6 18. a3 Rfd8 19. b4 Nxe3 20. Qxe3 a5 21. Rab1 Nf6 22. Qd2 Bxf3 23. Bxf3 axb4 24. axb4 e5 25. d5 cxd5 26. Nxd5 Nxd5 27. Bxd5 Rc7 28. Qa2 Bf8 29. Qb2 Bd6 30. e4 Rdc8 31. Rd2 Kf8 32. Kg2 Ra7 33. Qb3 Ra4 34. Qf3 Rc7 35. Qf5 Bxb4 36. Rdb2 Bc5 37. Rxb5 Qf6 38. Qxf6 gxf6 39. Rc1 Bb6 40. Rxc7 Bxc7 41. Rb7 Bd8 42. Rxf7+ Ke8 43. Rxh7 Rd4 44. h4 Rd2 45. Rb7 f5 46. Bc6+ Kf8 47. exf5 Rd6 48. Be4 Rd4 49. Kf3 Rd2 50. Rb5 Bf6 51. Rc5 Ra2 52. Rc2 Ra4 53. Re2 Kg7 54. Kg4 Kh6 55. f3 Ra7 56. Rb2 Rg7+ 57. Kh3 Kh5 58. g4+ Kh6 59. Rb6 1-0

[Event "GER-chT Youth Countries 2018"]
[Site "Wurzburg"]
[Date "2018.10.05"]
[Round "4"]
[White "Kopylov, Daniel"]
[Black "Wagner, Leopold Franziskus"]
[Result "1-0"]
[ECO "B13"]
[WhiteElo "2192"]
[BlackElo "1934"]
[Annotator "NA"]
[PlyCount "75"]
[EventDate "2018.10.03"]
[EventType "team-tourn"]
[EventCountry "GER"]
[SourceTitle "playchess.com"]
[Source "ChessBase"]
[SourceQuality "1"]
[TimeControl "40/5400+30:1800+30"]

1. e4 c6 2. d4 d5 3. exd5 cxd5 4. Bd3 Nc6 5. c3 Qc7 6. Ne2 Bg4 7. O-O e6 8. Qe1 Bd6 9. f3 Bh5 ({Not} 9... Bxh2+ $2 10. Kh1 $18) 10. Qh4 Bg6 $14 {[%emt 0:08:42] LiveBook: 13 Games} 11. Bxg6 fxg6 12. Nf4 Bxf4 13. Bxf4 Qd7 14. Nd2 Nf6 15. Rae1 O-O 16. Nb3 b6 17. Qh3 Rae8 18. Nc1 Nh5 19. Bg3 Qf7 20. Bd6 Ne7 21. Qxe6 Qxe6 22. Rxe6 Nc6 23. Ree1 Rxe1 24. Rxe1 Rd8 25. Bg3 Nxg3 26. hxg3 Kf7 27. Nd3 Kf6 28. Kf2 a5 29. Nf4 Rd6 30. Re8 Nd8 31. Re5 a4 32. Nxd5+ Kf7 33. Ne3 Rc6 34. a3 Nb7 35. Ke2 Nd6 36. Kd3 b5 37. Rc5 Rb6 38. Rc7+ 1-0

[Event "GER-chT Youth Countries 2018"]
[Site "Wurzburg"]
[Date "2018.10.05"]
[Round "4"]
[White "Schmider, Niklas"]
[Black "Koelle, Tobias"]
[Result "1/2-1/2"]
[ECO "C77"]
[WhiteElo "2190"]
[BlackElo "2125"]
[Annotator "NA"]
[PlyCount "138"]
[EventDate "2018.10.03"]
[EventType "team-tourn"]
[EventCountry "GER"]
[SourceTitle "playchess.com"]
[Source "ChessBase"]
[SourceQuality "1"]
[TimeControl "40/5400+30:1800+30"]

1. e4 e5 2. Nf3 Nc6 3. Bb5 a6 4. Ba4 Nf6 5. d3 b5 6. Bb3 Be7 7. O-O O-O 8. Nc3 Bb7 9. a4 b4 10. Nd5 Na5 $11 {[%emt 0:04:18] LiveBook: 48 Games} 11. Nxe7+ Qxe7 12. Ba2 c5 13. Bg5 h6 14. Bh4 Rab8 15. Re1 b3 16. Qd2 bxa2 17. Qxa5 d6 18. Rxa2 g5 19. Bg3 Nh5 20. Nd2 f5 21. exf5 Rxf5 22. Raa1 Rbf8 23. Re2 Qf7 24. Rf1 Rf6 25. b4 cxb4 26. Qxb4 Nf4 27. Bxf4 gxf4 28. f3 Rg6 29. d4 Qg7 30. dxe5 dxe5 31. Rb1 Bc8 32. Kh1 Bf5 33. Qc5 Re8 34. Qd5+ Qf7 35. Qxf7+ Kxf7 36. Nc4 e4 37. fxe4 Bxe4 38. Rf1 Kg8 39. Nd2 Bc6 40. Rxe8+ Bxe8 41. Rxf4 Rc6 42. c4 Rd6 43. Rf2 Bxa4 44. Kg1 Bc6 45. Kf1 a5 46. Ke2 a4 47. Kd1 Kg7 48. Kc2 Rd7 49. g3 Re7 50. Kc3 Re3+ 51. Kb4 Kg6 52. Kc5 Be8 53. Kd4 Re1 54. Ne4 Bd7 55. Rf6+ Kg7 56. Ra6 Bf5 57. Nd6 Bh3 58. Rxa4 Re2 59. c5 Rxh2 60. c6 Rc2 61. Nc4 Kf6 62. Kc5 Be6 63. c7 Ke7 64. Kb6 Rc3 65. Na5 Bd7 66. Re4+ Kf7 67. g4 Kf6 68. Rd4 Ke7 69. Nb7 Rc6+ 1/2-1/2

[Event "GER-chT Youth Countries 2018"]
[Site "Wurzburg"]
[Date "2018.10.05"]
[Round "4"]
[White "Garbuz, Vitaliy"]
[Black "Svane, Frederik"]
[Result "0-1"]
[ECO "B43"]
[WhiteElo "2182"]
[BlackElo "2287"]
[Annotator "NA"]
[PlyCount "54"]
[EventDate "2018.10.03"]
[EventType "team-tourn"]
[EventCountry "GER"]
[SourceTitle "playchess.com"]
[Source "ChessBase"]
[SourceQuality "1"]
[TimeControl "40/5400+30:1800+30"]

1. e4 c5 2. Nf3 e6 3. d4 cxd4 4. Nxd4 a6 5. Nc3 Qc7 6. Qf3 b5 7. Bf4 d6 $16 {[%emt 0:01:36] LiveBook: 4 Games} 8. Rd1 Bb7 9. Bxb5+ axb5 10. Ndxb5 Qd7 11. Bxd6 Bxd6 12. Nxd6+ Kf8 13. Qg3 g6 14. Nxb7 Qxb7 15. Rd8+ Kg7 16. Qe5+ Nf6 17. Rxh8 Nbd7 18. Qd4 e5 19. Qe3 Rxh8 20. b3 Rc8 21. f3 Qb4 22. Kd2 Nc5 23. Re1 Ne6 24. g3 Nd4 25. a4 Rxc3 26. Qxc3 Nxf3+ 27. Kd3 Nxe1+ {[%emt 0:00:03] Kd4} 0-1

[Event "GER-chT Youth Countries 2018"]
[Site "Wurzburg"]
[Date "2018.10.05"]
[Round "4"]
[White "Doll, Alexander"]
[Black "Goldbeck, Lars"]
[Result "1-0"]
[ECO "B22"]
[WhiteElo "2122"]
[BlackElo "2184"]
[Annotator "NA"]
[PlyCount "93"]
[EventDate "2018.10.03"]
[EventType "team-tourn"]
[EventCountry "GER"]
[SourceTitle "playchess.com"]
[Source "ChessBase"]
[SourceQuality "1"]
[TimeControl "40/5400+30:1800+30"]

1. e4 c5 2. c3 Nf6 3. e5 Nd5 4. d4 e6 5. Bc4 cxd4 6. Bxd5 exd5 {[%emt 0:00:01] LiveBook: 11 Games} 7. Qxd4 Nc6 8. Qxd5 d6 9. exd6 Bxd6 10. Qe4+ Be6 11. Nf3 h6 12. O-O O-O 13. Bf4 Bc5 14. Nbd2 Re8 $14 15. Rae1 Bxa2 16. Qxe8+ Qxe8 17. Rxe8+ Rxe8 18. b3 g5 19. Be3 Bxe3 20. fxe3 g4 21. Nd4 Rxe3 22. Nxc6 bxc6 23. Ra1 Bxb3 24. Nxb3 Rxc3 25. Nd4 g3 26. hxg3 Rxg3 27. Nxc6 Rg5 28. Rxa7 Kg7 29. Nd4 Rd5 30. Nf3 Rf5 31. Kh2 Rf6 32. Ra5 Kg6 33. Nh4+ Kg7 34. Kg3 Rb6 35. Kg4 Rf6 36. Kh5 Rb6 37. Nf5+ Kh7 38. Ra7 Rf6 39. g4 Kg8 40. Nxh6+ Kg7 41. Rxf7+ Rxf7 42. Nxf7 Kxf7 43. Kh6 Kg8 44. g5 Kh8 45. g6 Kg8 46. g7 Kf7 47. Kh7 1-0

[Event "GER-chT Youth Countries 2018"]
[Site "Wurzburg"]
[Date "2018.10.05"]
[Round "4"]
[White "Huber, Benedikt"]
[Black "Wu, Luka"]
[Result "*"]
[ECO "D10"]
[WhiteElo "2116"]
[BlackElo "2001"]
[Annotator "NA"]
[PlyCount "144"]
[EventDate "2018.10.03"]
[EventType "team-tourn"]
[EventCountry "GER"]
[SourceTitle "playchess.com"]
[Source "ChessBase"]
[SourceQuality "1"]
[TimeControl "40/5400+30:1800+30"]

1. d4 d5 2. c4 c6 3. cxd5 cxd5 4. Nc3 Nf6 5. Bf4 a6 6. e3 Nc6 7. Bd3 Bg4 8. Nge2 $11 {[%emt 0:01:53] LiveBook: 778 Partien} e6 9. a3 Bd6 10. Qc2 Rc8 11. Bxd6 Qxd6 12. Ng3 e5 13. Bf5 Rd8 14. dxe5 Qxe5 15. Bxg4 Nxg4 16. Qf5 Qxf5 17. Nxf5 g6 18. Nd4 Nxd4 19. exd4 Ke7 20. Kd2 Nxf2 21. Rae1+ Ne4+ 22. Nxe4 dxe4 23. Rxe4+ Kd6 24. Rhe1 Rd7 25. Rc1 Rdd8 26. Rce1 Rd7 27. g4 Rc8 28. Rf1 Rc6 29. Kd3 Kc7 30. g5 Rcd6 31. Rc1+ Kd8 32. Rce1 Rd5 33. h4 Kc7 34. Rf4 Kd8 35. Re2 h6 36. Rg2 Ke8 37. Ke3 hxg5 38. Re4+ Kf8 39. Rxg5 Rxg5 40. hxg5 Kg7 41. Re5 f6 42. gxf6+ Kxf6 43. Rc5 g5 44. Ke4 Re7+ 45. Kf3 Kg6 46. Rc8 Rf7+ 47. Ke4 Kf6 48. d5 Re7+ 49. Kd4 Re2 50. b4 Rd2+ 51. Ke4 Re2+ 52. Kd4 Rd2+ 53. Ke4 Re2+ 54. Kd3 Ra2 55. Rc3 Ke5 56. Kc4 Ke4 57. Rg3 Rc2+ 58. Kb3 Rd2 59. Rxg5 Rxd5 60. Rg7 Rb5 61. Rd7 Rb6 62. a4 Ke5 63. a5 Rb5 64. Kc4 Ke6 65. Rd4 Ke5 66. Rd8 Ke6 67. Rd4 Ke5 68. Rd7 Ke6 69. Rd8 Ke5 70. Rh8 Kd6 71. Rh6+ Kc7 72. Rh7+ Kd6 *

[Event "GER-chT Youth Countries 2018"]
[Site "Wurzburg"]
[Date "2018.10.05"]
[Round "4"]
[White "Mantel, Ruben"]
[Black "Steffens, Oliver"]
[Result "1-0"]
[ECO "A45"]
[WhiteElo "2101"]
[BlackElo "1960"]
[Annotator "NA"]
[PlyCount "88"]
[EventDate "2018.10.03"]
[EventType "team-tourn"]
[EventCountry "GER"]
[SourceTitle "playchess.com"]
[Source "ChessBase"]
[SourceQuality "1"]
[TimeControl "40/5400+30:1800+30"]

1. d4 Nf6 2. Nc3 d5 3. Bf4 c5 4. e3 a6 5. dxc5 Nc6 $11 {[%emt 0:03:54] LiveBook: 26 Games} 6. Nf3 e6 7. Na4 Bxc5 8. Nxc5 Qa5+ 9. c3 Qxc5 10. h3 O-O 11. Bd3 Re8 12. Ne5 Ne4 13. Qh5 Re7 14. Rd1 f5 15. Bxe4 Nxe5 16. Bxe5 fxe4 17. O-O Bd7 18. Rd4 Rf7 19. Bg3 Bb5 20. Rc1 Bd3 21. f4 Rf5 22. Qd1 e5 23. fxe5 Rf1+ 24. Qxf1 Bxf1 25. Rxf1 Rf8 26. Rxf8+ Kxf8 27. c4 dxc4 28. e6 Ke7 29. Rxe4 b5 30. Re5 Qc6 31. e4 h6 32. h4 Qd6 33. Kh2 Qd4 34. h5 b4 35. Bh4+ Ke8 36. Rd5 Qb6 37. e7 Qc7+ 38. Kh1 Qd7 39. Rxd7 Kxd7 40. Be1 a5 41. a3 c3 42. Bxc3 bxc3 43. bxc3 Kxe7 44. Kh2 Ke6 1-0